 Dungeon Crawl Stone Soup version 0.24.0-1-gfbc8707122 (webtiles) character file.

Game seed: 14817745336141240018, levelgen mode: deterministic

130 MTVSty1e the Skirmisher (level 5, -1/34 HPs)
             Began as a Gargoyle Fighter on Oct 28, 2019.
             Slain by a frilled lizard (2 damage)
             ... on level 4 of the Dungeon.
             The game lasted 00:02:32 (2523 turns).

MTVSty1e the Skirmisher (Gargoyle Fighter)          Turns: 2523, Time: 00:02:32

Health: -1/34      AC: 10    Str: 26    XL:     5   Next: 14%
Magic:  5/5        EV:  7    Int:  8    God:
Gold:   144        SH:  9    Dex:  9    Spells: 4/4 levels left

rFire    . . .     SeeInvis .   a - +0 flail
rCold    . . .     Gourm    .   c - +0 shield
rNeg     + . .     Faith    .   b - +0 scale mail
rPois    ∞         Spirit   .   (no helmet)
rElec    +         Reflect  .   (no cloak)
rCorr    .         Harm     .   (no gloves)
MR       .....                  (no boots)
Stlth    ..........             k - amulet of regeneration
HPRegen  0.51/turn              (no ring)
MPRegen  0.09/turn              (no ring)

@: mighty
A: negative energy resistance 1, electricity resistance, unbreathing,
petrification resistance, rot immunity, AC +4
a: no special abilities


You were on level 4 of the Dungeon.
You were hungry.

You visited 1 branch of the dungeon, and saw 4 of its levels.

You collected 144 gold pieces.

Inventory:

Hand Weapons
 a - a +0 flail (weapon)
Missiles
 g - 5 boomerangs of dispersal (quivered)
Armour
 b - a +0 scale mail (worn)
 c - a +0 shield (worn)
Jewellery
 k - an amulet of regeneration (around neck)
Potions
 d - a potion of might
 e - a potion of cancellation {unknown}
 h - a potion of curing {unknown}
 i - 2 potions of berserk rage {unknown}
 j - a potion of haste {unknown}
Comestibles
 f - 5 rations


   Skills:
 + Level 4.4 Fighting
 * Level 4.3 Maces & Flails
 - Level 3.2 Armour
 - Level 3.2 Shields


You had 4 spell levels left.
You didn't know any spells.
Your spell library was empty.

Dungeon Overview and Level Annotations

Branches:
Dungeon (4/15)
 Temple: D:4-7

Altars:
Gozag
Qazlal
Trog
Zin

Shops:
D:4 *


Innate Abilities, Weirdness & Mutations

You are resistant to torment.
Your stone body is resilient. (AC +4)
You are immune to poison.
You resist negative energy. (rN+)
You are resistant to electric shocks. (rElec)
You can survive without breathing.
You are immune to petrification.
You are immune to rotting.


Message History

You are too injured to fight recklessly!
You are too injured to fight recklessly!
You are too injured to fight recklessly!
You are too injured to fight recklessly!
You are too injured to fight recklessly!
Unknown command.
You feel very mighty all of a sudden. You block the ogre's attack.
You block the frilled lizard's attack.
Your shield and scale mail prevent you from hitting the ogre.
The ogre is lightly wounded.
The ogre barely misses you. You block the frilled lizard's attack.
You sock the ogre!
The ogre is heavily wounded.
You block the frilled lizard's attack. You block the ogre's attack.
You sock the ogre!
The ogre is almost dead.
The frilled lizard closely misses you. The ogre hits you with a +0 giant club!
* * * LOW HITPOINT WARNING * * *
The frilled lizard bites you.
You die...

# #. # .###
##.##. .....
.(.... ### ....
##....##⌠##..#
.......#_#...# #
......O......##.#
.......@.........
.......l∩....##
.............#
....%........#
.......####.###.#
#...... #.# #.#
####... #.# #>#
#... #.###.# ...
#..##.#


You could see an ogre and a frilled lizard.

Vanquished Creatures
  5 adders
  A worm (D:2)
  4 dart slugs
  2 leopard geckos (D:2)
  4 orcs (D:3)
  9 giant cockroaches
  4 goblins
  6 hobgoblins
  7 jackals
  6 kobolds
  2 quokkas (D:2)
  6 bats
  3 frilled lizards
  9 rats
68 creatures vanquished.

Notes
Turn   | Place    | Note
-------+----------+-------------------------------------------
     0 | D:1      | MTVSty1e the Gargoyle Fighter began the quest for the Orb.
     0 | D:1      | Reached XP level 1. HP: 14/14 MP: 1/1
   270 | D:1      | Reached XP level 2. HP: 12/19 MP: 2/2
   901 | D:1      | Reached XP level 3. HP: 23/24 MP: 3/3
  1138 | D:2      | Noticed a moth of wrath
  1141 | D:2      | Found a bloodstained altar of Trog.
  1418 | D:2      | Reached XP level 4. HP: 29/29 MP: 4/4
  1912 | D:3      | Found a stormy altar of Qazlal.
  1912 | D:3      | Noticed a water elemental
  1920 | D:3      | Noticed an earth elemental
  1923 | D:3      | Noticed a fire elemental
  1923 | D:3      | Noticed an air elemental
  1930 | D:3      | Found a faded altar of an unknown god.
  2014 | D:3      | Reached XP level 5. HP: 30/34 MP: 5/5
  2187 | D:3      | Found an opulent altar of Gozag.
  2512 | D:4      | Found Zin's Purification Station.
  2512 | D:4      | Found a glowing silver altar of Zin.
  2514 | D:4      | Noticed an ogre
  2523 | D:4      | HP: 1/34 [ogre/+0 giant club (13)]
  2523 | D:4      | Slain by a frilled lizard

Levels and vault maps discovered:
D:1:      minmay_arrival_four_circles, layout_rooms
D:2:      layout_loops_ring, tgw_trog
D:3:      layout_basic, nicolae_gozag_seed_capital,
          nicolae_qazlal_style_of_elements, chequers_ecumenical_altar_simple,
          feat_on_display
D:4:      layout_basic, zin_purify, minmay_temple_entry_ruins,
          gammafunk_ghost_cemetery

Skill      XL: |  1  2  3  4 |
---------------+-------------+-----
Maces & Flails | 3 4 |  4.3
Fighting       | 4 |  4.4
Armour         | |  3.2
Shields        | |  3.2

Action                   |  1- 3 |  4- 6 || total
-------------------------+-------+-------++-------
Melee: Flail             |   137 |   102 ||   239
  Use: Scroll            |       |     1 ||     1
       Potion            |       |     1 ||     1
  Eat: Chunk             |     1 |     4 ||     5
Armor: Scale mail        |   116 |    63 ||   179
Dodge: Dodged            |    62 |    53 ||   115
Block: Shield            |    92 |    69 ||   161
